 Dungeon Crawl Stone Soup version 0.21.1-1-g345015f (webtiles) character file.

104 tidbits the Chiller (level 4, -5/32 HPs)
             Began as a Gnoll Ice Elementalist on Mar 30, 2018.
             Killed by nerve-wracking pain
             ... invoked by Menkaure
              (6 damage)
             ... on level 4 of the Dungeon.
             The game lasted 00:06:12 (426 turns).

tidbits the Chiller (Gnoll Ice Elementalist)         Turns: 426, Time: 00:06:13

Health: -5/32      AC:  5    Str: 10    XL:     4   Next: 80%
Magic:  11/11      EV: 15    Int: 21    God:
Gold:   78         SH:  0    Dex: 15    Spells: 7/13 levels left

rFire    x . .     SeeInvis .   b - +1 short sword (freeze)
rCold    + . .     Gourm    .   (no shield)
rNeg     . . .     Faith    .   B - +0 robe
rPois    .         Spirit   .   E - +1 hat
rElec    .         Reflect  .   C - +0 cloak
rCorr    .         Harm     .   (no gloves)
MR       .....                  (no boots)
Stlth    +++.......             (no amulet)
HPRegen  0.10/turn              k - ring of ice
MPRegen  0.12/turn              (no ring)

@: no status effects
A: distributed training, fangs 1, thin skeletal structure 1, clever 1, clumsy 1,
shaggy fur 1, strong nose
a: no special abilities


You were on level 4 of the Dungeon.
You were not hungry.

You visited 1 branch of the dungeon, and saw 4 of its levels.

You collected 78 gold pieces.

Inventory:

Hand Weapons
 a - a +0 dagger
 b - a +1 short sword of freezing (weapon)
   (You took it off a kobold on level 2 of the Dungeon)
Armour
 d - a +0 shield
 n - a +0 ring mail
 B - a +0 robe (worn)
 C - a +0 cloak (worn)
 E - a +1 hat (worn)
Jewellery
 k - a ring of ice (left hand)
   (You found it on level 2 of the Dungeon)
Scrolls
 e - 3 scrolls of identify
 g - a scroll of remove curse
 j - a scroll of teleportation {unknown}
Books
 m - a book of Frost

   Spells                             Type                      Level
   a - Freeze                         Ice                          1
   b - Throw Frost                    Conjuration/Ice              2
   c - Ozocubu's Armour               Charms/Ice                   3
   d - Throw Icicle                   Conjuration/Ice              4
   e - Summon Ice Beast               Ice/Summoning                4
Comestibles
 c - 3 rations


   Skills:
 + Level 1.2 Fighting
 + Level 1.2 Short Blades
 + Level 1.2 Long Blades
 + Level 1.2 Axes
 + Level 1.2 Maces & Flails
 + Level 1.2 Polearms
 + Level 1.2 Staves
 + Level 1.2 Slings
 + Level 1.2 Bows
 + Level 1.2 Crossbows
 + Level 1.2 Throwing
 + Level 1.2 Armour
 + Level 4.7 Dodging
 + Level 4.3 Stealth
 + Level 1.2 Shields
 + Level 1.2 Unarmed Combat
 + Level 5.1 Spellcasting
 + Level 2.3 Conjurations
 + Level 1.0 Hexes
 + Level 1.0 Charms
 + Level 1.0 Summonings
 + Level 1.0 Necromancy
 + Level 1.0 Translocations
 + Level 1.0 Transmutations
 + Level 1.0 Fire Magic
 + Level 5.5 Ice Magic
 + Level 1.0 Air Magic
 + Level 1.0 Earth Magic
 + Level 1.0 Poison Magic
 + Level 1.3 Invocations
 + Level 1.2 Evocations


You had 7 spell levels left.
You knew the following spells:

 Your Spells              Type           Power        Failure   Level  Hunger
a - Freeze                Ice            ####         1%          1    None
j - Throw Frost           Conj/Ice       ####..       3%          2    None
o - Ozocubu's Armour      Chrm/Ice       ####....     9%          3    ##.....


Dungeon Overview and Level Annotations

Branches:
Dungeon (4/15)
 Temple: D:4-7

Altars:
Xom

Annotations:
D:4 Dowan, Duvessa, Menkaure


Innate Abilities, Weirdness & Mutations

Your experience applies equally to all skills.
You have very sharp teeth.
Your uncanny sense of smell can sniff out nearby items.
You have a somewhat thin skeletal structure. (Dex +2, Stealth)
Your mind is acute. (Int +2)
You are clumsy. (Dex -2)
You are covered in fur. (AC +1)


Message History

You feel a surge of power!
You freeze the scorpion.
You kill the scorpion!
Your Fighting skill increases to level 1!
Your Short Blades skill increases to level 1!
Your Long Blades skill increases to level 1!
Your Axes skill increases to level 1!
Your Maces & Flails skill increases to level 1!
Your Polearms skill increases to level 1!
Your Staves skill increases to level 1!
Your Slings skill increases to level 1!
Your Bows skill increases to level 1!
Your Crossbows skill increases to level 1!
Your Throwing skill increases to level 1!
Your Armour skill increases to level 1!
Your Shields skill increases to level 1!
Your Unarmed Combat skill increases to level 1!
Your Hexes skill increases to level 1!
Your Charms skill increases to level 1!
Your Summonings skill increases to level 1!
Your Necromancy skill increases to level 1!
Your Translocations skill increases to level 1!
Your Transmutations skill increases to level 1!
Your Fire Magic skill increases to level 1!
Your Air Magic skill increases to level 1!
Your Earth Magic skill increases to level 1!
Your Poison Magic skill increases to level 1!
Your Evocations skill increases to level 1!
You have reached level 4!
You feel clever.
Found a stone staircase leading up.
You see here a scroll labeled POMUIK QYRAV.
e - 2 scrolls labeled POMUIK QYRAV (gained 1)
There is a stone staircase leading up here.
You climb upwards.
Found a scroll labeled POMUIK QYRAV.
Found a stone staircase leading down.
There is a stone staircase leading down here.
You see here a scroll labeled POMUIK QYRAV.
e - 3 scrolls labeled POMUIK QYRAV (gained 1)
Found a scroll labeled POMUIK QYRAV.
You see here a scroll labeled POMUIK QYRAV.
e - 4 scrolls labeled POMUIK QYRAV (gained 1)
There is a stone staircase leading down here.
You climb downwards.
An orc comes into view. It is wielding a trident.
Found 18 gold pieces.
Found an escape hatch in the floor.
There is a stone staircase leading up here.
Unknown command.
Unknown command.
Unknown command.
Unknown command.
You see here 18 gold pieces.
You now have 78 gold pieces (gained 18).
Menkaure, Prince of Dust comes into view.
Unknown command.
It was a potion of agility.
You feel agile all of a sudden.
It was a potion of heal wounds.
You feel much better.
Wield which item (- for none, * to show all)? (? for menu, Esc to quit)
Your +1 short sword of freezing glows with a cold blue light!
b - a +1 short sword of freezing (weapon)
Menkaure mumbles some strange words.
Menkaure seems to speed up.
You hear a shout! x2
You hit Menkaure but do no damage. Menkaure misses you.
Dowan, Brother of Duvessa comes into view.
He is wielding a dagger.
You aren't carrying any items that you can evoke.
Unknown command.
As you read the scroll labeled POMUIK QYRAV, it crumbles to dust.
It is a scroll of identify.
l - a potion of mutation Menkaure calls on the powers of darkness!
Your body is wracked with pain!
Dowan convulses!
Really quaff
l - a potion of mutation {!q}?
You feel extremely strange.
You feel clumsy.
Your bones become slightly less dense.
Fur sprouts all over your body.
You feel clever.
Menkaure gestures at you while chanting.
Pain shoots through your body!
* * * LOW HITPOINT WARNING * * *
Dowan says, "Stay away from my face!"
Dowan gestures at something while chanting.
Duvessa, Sister of Dowan comes into view.
She is wielding a rapier.
Duvessa shouts!
Okay, then.
It was a potion of cancellation.
Your magical effects are unravelling.
You feel magically purged.
You feel a little less agile now.
You hear an angry hiss.
Menkaure hits you!
* * * LOW HITPOINT WARNING * * *
You aren't carrying any potions.
Unknown command.
Unknown command.
You aren't carrying any potions.
Unknown command.
As you read the scroll labeled MUL QYTEPS, it crumbles to dust.
You feel blessed for a moment.
It was a scroll of remove curse.
Menkaure gestures at you while chanting.
Pain shoots through your body!
You die...

#. #. #.## ... e.#
#. ∆ #e# #.. ∆∆#M#
#..# ∆##@# ..##
###..# ... #...##
#.## ##.#####.
#..###.........
####......######.#
#.....#....#
#.##..<.#..#
#....#..#


You could see Duvessa, Menkaure and Dowan.

Vanquished Creatures
  A scorpion (D:4)
  3 adders (D:2)
  A worm (D:2)
  A dart slug (D:1)
  An orc (D:2)
  3 goblins
  A hobgoblin (D:1)
  4 bats
  6 kobolds
  3 rats
24 creatures vanquished.

Notes
Turn   | Place    | Note
-------+----------+-------------------------------------------
     0 | D:1      | tidbits the Gnoll Ice Elementalist began the quest for the Orb.
     0 | D:1      | Reached XP level 1. HP: 13/13 MP: 6/6
    58 | D:1      | Reached skill level 2 in Conjurations
    61 | D:1      | Reached XP level 2. HP: 7/19 MP: 3/7
    65 | D:1      | Learned a level 2 spell: Throw Frost
   244 | D:2      | Reached XP level 3. HP: 24/25 MP: 3/9
   249 | D:2      | Learned a level 3 spell: Ozocubu's Armour
   254 | D:2      | Reached skill level 5 in Spellcasting
   288 | D:2      | Reached skill level 1 in Invocations
   305 | D:2      | Found a shimmering altar of Xom.
   374 | D:4      | Noticed a scorpion
   381 | D:4      | Killed a scorpion
   381 | D:4      | Reached skill level 1 in Fighting
   381 | D:4      | Reached skill level 1 in Short Blades
   381 | D:4      | Reached skill level 1 in Long Blades
   381 | D:4      | Reached skill level 1 in Axes
   381 | D:4      | Reached skill level 1 in Maces & Flails
   381 | D:4      | Reached skill level 1 in Polearms
   381 | D:4      | Reached skill level 1 in Staves
   381 | D:4      | Reached skill level 1 in Slings
   381 | D:4      | Reached skill level 1 in Bows
   381 | D:4      | Reached skill level 1 in Crossbows
   381 | D:4      | Reached skill level 1 in Throwing
   381 | D:4      | Reached skill level 1 in Armour
   381 | D:4      | Reached skill level 1 in Shields
   381 | D:4      | Reached skill level 1 in Unarmed Combat
   381 | D:4      | Reached skill level 1 in Hexes
   381 | D:4      | Reached skill level 1 in Charms
   381 | D:4      | Reached skill level 1 in Summonings
   381 | D:4      | Reached skill level 1 in Necromancy
   381 | D:4      | Reached skill level 1 in Translocations
   381 | D:4      | Reached skill level 1 in Transmutations
   381 | D:4      | Reached skill level 1 in Fire Magic
   381 | D:4      | Reached skill level 1 in Air Magic
   381 | D:4      | Reached skill level 1 in Earth Magic
   381 | D:4      | Reached skill level 1 in Poison Magic
   381 | D:4      | Reached skill level 1 in Evocations
   381 | D:4      | Reached XP level 4. HP: 18/32 MP: 7/11
   417 | D:4      | Noticed Menkaure
   423 | D:4      | Noticed Dowan
   424 | D:4      | Gained mutation: You are clumsy. (Dex -2) [potion of mutation]
   424 | D:4      | Gained mutation: You have a somewhat thin skeletal structure. (Dex +2, Stealth) [potion of mutation]
   424 | D:4      | Gained mutation: You are covered in fur. (AC +1) [potion of mutation]
   424 | D:4      | Gained mutation: Your mind is acute. (Int +2) [potion of mutation]
   424 | D:4      | Noticed Duvessa
   425 | D:4      | HP: 1/32 [Menkaure (13)]
   426 | D:4      | Killed from afar by Menkaure

Skill      XL: |  1  2  3 |
---------------+----------+-----
Conjurations   | 2 |  2.3
Spellcasting   | 5 |  5.1
Invocations    | 1 |  1.3
Fighting       | 1 |  1.2
Short Blades   | 1 |  1.2
Long Blades    | 1 |  1.2
Axes           | 1 |  1.2
Maces & Flails | 1 |  1.2
Polearms       | 1 |  1.2
Staves         | 1 |  1.2
Slings         | 1 |  1.2
Bows           | 1 |  1.2
Crossbows      | 1 |  1.2
Throwing       | 1 |  1.2
Armour         | 1 |  1.2
Shields        | 1 |  1.2
Unarmed Combat | 1 |  1.2
Hexes          | 1 |  1.0
Charms         | 1 |  1.0
Summonings     | 1 |  1.0
Necromancy     | 1 |  1.0
Translocations | 1 |  1.0
Transmutations | 1 |  1.0
Fire Magic     | 1 |  1.0
Air Magic      | 1 |  1.0
Earth Magic    | 1 |  1.0
Poison Magic   | 1 |  1.0
Evocations     | 1 |  1.2
Dodging        | |  4.7
Stealth        | |  4.3
Ice Magic      | |  5.5

Action                   |  1- 3 |  4- 6 || total
-------------------------+-------+-------++-------
Melee: Dagger            |    22 |       ||    22
       Bite              |     3 |       ||     3
       Short sword       |    19 |     1 ||    20
 Cast: Freeze            |    22 |     1 ||    23
  Use: Potion            |       |     4 ||     4
       Scroll            |       |     2 ||     2
 Stab: Sleeping          |     5 |       ||     5
Armor: Robe              |     8 |       ||     8
Dodge: Dodged            |    27 |     1 ||    28

Table legend:
 A = Turns spent in this place as a percentage of turns spent in the entire game.
 B = Non-inter-level travel turns spent in this place as a percentage of non-inter-level travel turns spent in the entire game.
 C = Inter-level travel turns spent in this place as a percentage of turns spent in this place.
 D = Turns resting spent in this place as a percentage of non-inter-level travel turns spent in this place.
 E = Turns spent auto-exploring this place as a percentage of non-inter-level travel turns spent in this place.
 F = Non-inter-level travel turns spent in this place divided by the number of levels of this place that you've seen.
                   A       B       C       D       E      F
               +-------+-------+-------+-------+-------+----------------------
         Total | 100.0 | 100.0 |   0.0 |   0.0 |   0.0 | 106.5
       Dungeon | 100.0 | 100.0 |   0.0 |   0.0 |   0.0 | 106.5
               +-------+-------+-------+-------+-------+----------------------

Table legend:
 A = Kills in this place as a percentage of kills in entire the game.
 B = Kills by you in this place as a percentage of kills by you in the entire game.
 C = Kills by friends in this place as a percentage of kills by friends in the entire game.
 D = Other kills in this place as a percentage of other kills in the entire game.
 E = Experience gained in this place as a percentage of experience gained in the entire game.
 F = Experience gained in this place divided by the number of levels of this place that you have seen.
                   A       B       C       D       E      F
               +-------+-------+-------+-------+-------+----------------------
         Total | 100.0 | 100.0 |   N/A |   N/A | 100.0 |  37.2
       Dungeon | 100.0 | 100.0 |   N/A |   N/A | 100.0 |  37.2
               +-------+-------+-------+-------+-------+----------------------

Vault maps used:
D:1:      dpeg_arrival_rhombus
D:2:      lemuel_crystal_altar, first_ration
D:3:      ashenzari_conservatory_becter, overflow_temple_1_default,
          chequers_ecumenical_altar_simple, nicolae_ru_path_of_blood
D:4:      cheibrodos_greedy_goblins, temple_statues, uniq_menkaure,
          uniq_duvessa, uniq_crazy_yiuf_cottage
